 Dungeon Crawl Stone Soup version 0.29.1-15-g9cfb28693d (webtiles) character file.

Game seed: 13389794016852714972

2564 Thatpatchoflichen the Covered (level 9, -1/72 HPs)
             Began as a Human Monk on Mar 2, 2023.
             Slain by a killer bee (5 damage)
             ... on level 6 of the Dungeon.
             The game lasted 00:18:50 (9456 turns).

Thatpatchoflichen the Covered (Human Monk)          Turns: 9456, Time: 00:18:50

Health: -1/72      AC: 16    Str: 11    XL:     9   Next: 87%
Magic:  18/18      EV: 15    Int: 17    God:
Gold:   442        SH:  0    Dex: 23    Spells: 8/8 levels left

rFire   + . .      SeeInvis .   v - +5 dire flail of the Delicate God {drain, Int+4 Dex+3}
rCold   . . .      Faith    .   (shield currently unavailable)
rNeg    . . .      Spirit   .   C - +2 ring mail "Fosietz" {MP+9 Int+2}
rPois   .          Reflect  .   I - +0 helmet
rElec   .          Harm     .   J - +2 cloak
rCorr   .          Rampage  .   (no gloves)
Will    +....                   K - +0 pair of boots
Stlth   ++........              (no amulet)
HPRegen 0.22/turn               D - ring of willpower
MPRegen 0.16/turn               G - ring of protection from fire

@: lethally poisoned (-1 -> -7)
A: iridescent scales 1, subdued magic 1
a: no special abilities


You were on level 6 of the Dungeon.
You visited 2 branches of the dungeon, and saw 8 of its levels.
You also visited: Sewer.

You collected 442 gold pieces.

Inventory:

Hand Weapons
 v - the +5 dire flail of the Delicate God (weapon) {drain, Int+4 Dex+3}
   (You found it in a sewer)

   A truly terrible weapon, it drains the life of any living foe it strikes.
   Int:       It affects your intelligence (+4).
   Dex:       It affects your dexterity (+3).
 w - a +0 long sword
Missiles
 m - 48 poisoned darts (quivered)
 n - 3 atropa-tipped darts
 o - a throwing net
 s - 2 boomerangs
Armour
 g - a +0 chain mail
 C - the +2 ring mail "Fosietz" (worn) {MP+9 Int+2}
   (You found it on level 3 of the Dungeon)

   Int:       It affects your intelligence (+2).
   MP:        It affects your magic capacity (+9).
 I - a +0 helmet (worn)
 J - a +2 cloak (worn)
 K - a +0 pair of boots (worn)
 L - a scarf of harm
Jewellery
 A - a ring of fire
 D - a ring of willpower (left hand)
 G - a ring of protection from fire (right hand)
Wands
 E - a wand of light (7)
Scrolls
 a - a scroll of fear {unknown}
 d - 4 scrolls of identify {unknown}
 i - 4 scrolls of teleportation {unknown}
 l - 2 scrolls of magic mapping {unknown}
 p - 2 scrolls of torment {unknown}
 q - 2 scrolls of enchant weapon {unknown}
 t - 2 scrolls of blinking
 u - 2 scrolls of enchant armour {unknown}
 y - 4 scrolls of amnesia {unknown}
 B - 2 scrolls of vulnerability {unknown}
 F - a scroll of summoning {unknown}
 H - a scroll of noise {unknown}
Potions
 b - a potion of resistance {unknown}
 c - a potion of ambrosia
 e - a potion of flight {unknown}
 f - 3 potions of invisibility {unknown}
 h - a potion of curing {unknown}
 j - 4 potions of mutation
 k - 2 potions of berserk rage {unknown}
 r - 3 potions of heal wounds {unknown}
 x - 2 potions of lignification {unknown}
 z - 2 potions of cancellation {unknown}
 M - a potion of attraction {unknown}


   Skills:
 + Level 7.5 Fighting
 - Level 4.0 Long Blades
 + Level 7.5 Armour
 + Level 7.5 Dodging
 - Level 2.0 Stealth


You had 8 spell levels left.
You didn't know any spells.
Your spell library contained the following spells:

 Spells                   Type           Power      Damage    Failure   Level
 Foxfire                  Conj/Fire      0%         2x1d4     41%         1
 Magic Dart               Conj           0%         1d3       41%         1
 Call Imp                 Summ           0%         N/A       54%         2
 Conjure Flame            Conj/Fire      0%         6-21      80%         3
 Inner Flame              Hex/Fire       0%         N/A       80%         3
 Mephitic Cloud           Conj/Pois/Air  0%         N/A       80%         3
 Flame Wave               Conj/Fire      0%         2d4       99%         4


Dungeon Overview and Level Annotations

Branches:
Dungeon (7/15)             Temple (1/1) D:5           Sewer (visited)

Altars:
Ashenzari
Elyvilon
Fedhas
Gozag
Hepliaklqana
Kikubaaqudgha
Makhleb
Nemelex Xobeh
Okawaru
Qazlal
Sif Muna
Trog
Uskayaw
Vehumet
Wu Jian
Xom
Yredelemnul
Zin
The Shining One

Shops:
D:6 [:


Innate Abilities, Weirdness & Mutations

You are partially covered in iridescent scales. (AC +2)
Your spells are a little easier to cast, but a little less powerful.


Message History

The killer bee stings you.
You miss the killer bee.
You feel sick. The killer bee stings you!
* * * LOW HITPOINT WARNING * * *
The killer bee closely misses you. x2
You closely miss the killer bee.
You feel sick. The killer bee closely misses you. The killer bee misses you.
You closely miss the killer bee.
You feel sick.
You are no longer poisoned.
The killer bee barely misses you.
The killer bee stings you but does no damage. x2
You closely miss the killer bee. The killer bee stings you.
* * * LOW HITPOINT WARNING * * *
You are poisoned.
The killer bee poisons you!
The killer bee stings you but does no damage.
The killer bee misses you.
You hit the killer bee but do no damage.
You feel very sick. The killer bee barely misses you.
The killer bee completely misses you.
You hit the killer bee.
The killer bee is moderately wounded.
You feel sick.
The killer bee stings you but does no damage.
The killer bee barely misses you. The killer bee completely misses you.
You hit the killer bee. You drain the killer bee.
The killer bee is almost dead.
You feel sick. The killer bee closely misses you. x2
You miss the killer bee.
The killer bee is almost dead.
You feel sick. The killer bee misses you. The killer bee completely misses you.
The killer bee stings you.
* * * LOW HITPOINT WARNING * * *
You are lethally poisoned!
The killer bee poisons you!
It was a potion of mutation.
You feel extremely strange.
Your connection to magic feels subdued.
Iridescent scales grow over part of your body.
* * * LOW HITPOINT WARNING * * *
You feel sick. The killer bee closely misses you. The killer bee stings you.
You die...

..####..###.# ##.##...## #♣)...♣#
..# ##...##.# #..##....#####...♣.
..###..#.##)###.###..#...####....
......##.##..##.#...##.#...###♣♣.
.##..###.##..##...#.##....♣####..
.#.......##......##.#######..####
.#.####..........##.# #....#.
∩...........#>.####.## ##♣♣..♣
...#####.##.#...@##..# #.♣.
.#..####....#.##y###.##### ####
.##.......#...##.........# #
.#####.......###.........# #
.##....##....###.........# #
....#######...##.........# #
..### #....#.........# ..#
#.##.#.........# #.#
#.##.#.........#


You could see a killer bee (very drained).

Vanquished Creatures
  2 black bears
  An ice beast (D:6)
  4 ogres
  A phantom (D:5)
  A centaur (D:6)
  3 kobold brigands
  2 bullfrogs
  6 scorpions
  5 killer bees (D:6)
  A howler monkey (D:4)
  4 hounds
  A gnoll bouda (D:6)
  An orc priest (D:4)
  4 iguanas
  4 orc wizards
  12 gnolls
  16 adders
  2 shadow imps
  3 white imps
  An ufetubus (D:6)
  3 worms
  2 dart slugs
  13 orcs
  5 ball pythons
  2 bat zombies (D:4)
  7 endoplasms
  15 giant cockroaches
  9 goblins
  9 hobgoblins
  2 jackals (D:1)
  27 kobolds
  6 quokkas
  13 bats
  9 frilled lizards
  7 rats
  2 rat zombies (D:4)
205 creatures vanquished.

Vanquished Creatures (others)
  A kobold (D:6)
  68 plants
69 creatures vanquished.

Grand Total: 274 creatures vanquished

Notes
Turn   | Place    | Note
-------+----------+-------------------------------------------
     0 | D:1      | Thatpatchoflichen the Human Monk began the quest for the
                  | Orb.
     0 | D:1      | Reached XP level 1. HP: 18/18 MP: 1/1
    54 | D:1      | Reached XP level 2. HP: 4/24 MP: 2/2
   734 | D:1      | Reached XP level 3. HP: 29/29 MP: 3/3
   795 | D:1      | Found a faded altar of an unknown god.
  1907 | D:3      | Found a glowing drain.
  1919 | Sewer    | Entered a sewer
  2381 | Sewer    | Reached XP level 4. HP: 35/35 MP: 4/4
  2820 | Sewer    | Reached skill level 1 in Armour
  2924 | Sewer    | Reached XP level 5. HP: 42/42 MP: 5/5
  2938 | Sewer    | Noticed a bullfrog
  2957 | Sewer    | Killed a bullfrog
  3180 | Sewer    | Identified the +5 dire flail of the Delicate God {drain,
                  | Int+4 Dex+3}
  3522 | D:3      | Reached XP level 6. HP: 48/48 MP: 6/6
  3659 | D:3      | Identified the +2 robe "Unapank" {Int+3}
  3927 | D:3      | Found a burning altar of Makhleb.
  3935 | D:3      | Identified the +2 ring mail "Fosietz" {MP+9 Int+2}
  4433 | D:4      | Found a broken altar of Ashenzari.
  4456 | D:4      | Reached XP level 7. HP: 50/54 MP: 7/7
  4532 | D:4      | Found a blossoming altar of Fedhas.
  4660 | D:4      | Found a basalt altar of Yredelemnul.
  4989 | D:4      | Found an ancient bone altar of Kikubaaqudgha.
  5031 | D:4      | Found a bloodstained altar of Trog.
  5284 | D:4      | Found a glowing silver altar of Zin.
  5289 | D:4      | Noticed an angel
  5346 | D:4      | Reached skill level 5 in Fighting
  5346 | D:4      | Reached skill level 5 in Armour
  5346 | D:4      | Reached skill level 5 in Dodging
  5346 | D:4      | Reached XP level 8. HP: 27/62 MP: 8/8
  5826 | D:5      | Entered Level 5 of the Dungeon
  5826 | D:5      | Found a staircase to the Ecumenical Temple.
  5968 | Temple   | Entered the Ecumenical Temple
  6823 | D:5      | Reached XP level 9. HP: 60/70 MP: 9/9
  7241 | D:6      | Found Inlig's Book Shoppe.
  7342 | D:6      | Found a stormy altar of Qazlal.
  7485 | D:6      | Found Soxkah's Antique Armour Shoppe.
  9456 | D:6      | Gained mutation: Your spells are a little easier to cast,
                  | but a little less powerful. [potion of mutation]
  9456 | D:6      | Gained mutation: You are partially covered in iridescent
                  | scales. (AC +2) [potion of mutation]
  9456 | D:6      | Slain by a killer bee

Illustrated notes

Levels and vault maps discovered:
D:1:      dpeg_arrival_concentric_ovals, layout_basic,
          hellmonk_ecumenical_altar_blasted
D:2:      layout_basic, minmay_crystal_room
D:3:      minmay_bubble_buster, layout_rooms, mainiacjoe_overflow_brackets,
          cheibrodos_sewer_entry_sluice, minmay_misc_feat_rugged
D:4:      cheibrodos_thug_alley, layout_basic,
          mainiacjoe_overflow_cross_hatched, lemuel_doored_altar,
          lemuel_zombie_altar_kikubaaqudgha, zin_angel, fedhas_ov_isle_minmay,
          general_overflow_altar, serial_glass, glass_columns_a,
          glass_columns_a, feat_on_display, item_on_display_a,
          minmay_strange_pillars, minmay_strange_pillars
D:5:      layout_rooms, minmay_temple_entry_overgrown
D:6:      kennysheep_kobold_camp, layout_rooms,
          mainiacjoe_overflow_concentric_impassable, serial_shops, shop, shop
D:7:      kennysheep_windowed_halls, layout_rooms, gammafunk_ghost_cemetery
Temple:   nicolae_temple_bog_church

Skill      XL: |  1  2  3  4  5  6  7  8  9 |
---------------+----------------------------+-----
Long Blades    | 4 |  4.0
Armour         | 1 2 4 5 6 7 |  7.5
Fighting       | 4 5 6 7 |  7.5
Dodging        | 4 5 6 7 |  7.5
Stealth        | |  2.0

Action                   |  1- 3 |  4- 6 |  7- 9 || total
-------------------------+-------+-------+-------++-------
Melee: Falchion          |    95 |   113 |       ||   208
       Punch             |     1 |     1 |       ||     2
       Dire flail        |       |    87 |   319 ||   406
  Use: Potion            |       |       |     1 ||     1
 Stab: Sleeping          |     3 |     5 |     2 ||    10
Armor: Robe              |    18 |       |       ||    18
       Ring mail         |    34 |    85 |   179 ||   298
Dodge: Dodged            |    97 |   165 |   466 ||   728
